1869 views
Uploaded 2022-11-19 07:22:18
Game version 1.33
17:26 long 1on1 ladder game on (2)ConcealedHill
Saved by ZueD
1869 views
Uploaded 2022-11-19 07:22:18
Game version 1.33
17:26 long 1on1 ladder game on (2)ConcealedHill

26 units @ 4.1k
/ 0.5k
13 buildings @ 2.1k
/ 0.7k



| Rod of Necromancy | 3 | 450 |
| Orb of Corruption | 1 | 375 |
| Scroll of Healing | 1 | 250 |
| total: | 5 | 1075g |
| Acolyte | 7 | 525 | / | 0 |
| Ghoul | 5 | 600 | / | 0 |
| Crypt Fiend | 9 | 1935 | / | 360 |
| Obsidian Statue | 5 | 1000 | / | 175 |
| total: | 26 | 4060g | / | 535w |
| Nerubian Tower | 1 | 100 | / | 20 |
| Spirit Tower | 1 | 145 | / | 40 |
| Altar of Darkness | 1 | 180 | / | 50 |
| Ziggurat | 8 | 1200 | / | 400 |
| Crypt | 1 | 200 | / | 50 |
| Tomb of Relics | 1 | 130 | / | 30 |
| Graveyard | 1 | 215 | / | 0 |
| Slaughterhouse | 1 | 140 | / | 135 |
| Halls of the Dead | 1 | 320 | / | 210 |
| Black Citadel | 1 | 325 | / | 230 |
| total: | 13 | 2065g | / | 665w |
| 0:03 | Acolyte |
| 0:04 | Acolyte |
| 0:08 | Altar of Darkness |
| 0:11 | Ziggurat |
| 0:36 | Crypt |
| 0:51 | Tomb of Relics |
| 0:56 | Acolyte |
| 1:25 | Ziggurat |
| 1:37 | Ghoul |
| 1:49 | Ghoul |
| 2:06 | Rod of Necromancy |
| 2:08 | Carrion Beetles |
| 2:15 | Ghoul |
| 2:16 | Nerubian Tower |
| 2:31 | Ghoul |
| 3:28 | Graveyard |
| 3:29 | Ghoul |
| 3:57 | Ziggurat |
| 4:02 | Ziggurat |
| 4:24 | Halls of the Dead |
| 4:49 | Crypt Fiend |
| 4:49 | Crypt Fiend |
| 5:12 | Impale |
| 5:27 | Spirit Tower |
| 6:05 | Crypt Fiend |
| 6:54 | Slaughterhouse |
| 7:05 | Rod of Necromancy |
| 7:06 | Crypt Fiend |
| 7:17 | Burrow |
| 7:31 | Ziggurat |
| 7:32 | Black Citadel |
| 7:49 | Carrion Beetles |
| 8:02 | Death Coil |
| 8:31 | Crypt Fiend |
| 8:31 | Obsidian Statue |
| 9:17 | Ziggurat |
| 9:20 | Crypt Fiend |
| 9:21 | Creature Attack |
| 9:27 | Rod of Necromancy |
| 9:49 | Ziggurat |
| 10:04 | Orb of Corruption |
| 10:10 | Destroyer Form |
| 10:26 | Web |
| 10:44 | Ghoul Frenzy |
| 11:31 | Obsidian Statue |
| 11:34 | Unholy Aura |
| 11:38 | Scroll of Healing |
| 12:43 | Impale |
| 12:52 | Crypt Fiend |
| 12:52 | Obsidian Statue |
| 12:58 | Acolyte |
| 13:02 | Death Coil |
| 13:34 | Acolyte |
| 13:35 | Acolyte |
| 13:35 | Acolyte |
| 14:08 | Obsidian Statue |
| 14:30 | Crypt Fiend |
| 14:53 | Frost Nova |
| 15:05 | Crypt Fiend |
| 15:05 | Obsidian Statue |
| 15:15 | Ziggurat |
| 15:57 | Carrion Beetles |
| Select group | 1092 |
| Right click | 1048 |
| Select | 464 |
| Misc. action | 97 |
| Build/train/purchase | 97 |
| Assign group | 49 |
| Use ability | 42 |
| Chat | 28 |
| Item give/drop | 5 |
33 units @ 4.4k
/ 0.4k
15 buildings @ 2.5k
/ 0.8k



| Rod of Necromancy | 2 | 300 |
| Sacrificial Skull | 1 | 50 |
| Ritual Dagger | 1 | 125 |
| Potion of Healing | 1 | 150 |
| Orb of Corruption | 1 | 375 |
| Dust of Appearance | 1 | 75 |
| Scroll of Healing | 2 | 500 |
| Scroll of Town Portal | 1 | 350 |
| Boots of Speed | 1 | 250 |
| Potion of Lesser Invulnerability | 1 | 150 |
| total: | 12 | 2325g |
| Acolyte | 9 | 675 | / | 0 |
| Ghoul | 14 | 1680 | / | 0 |
| Crypt Fiend | 5 | 1075 | / | 200 |
| Obsidian Statue | 5 | 1000 | / | 175 |
| total: | 33 | 4430g | / | 375w |
| Nerubian Tower | 4 | 400 | / | 80 |
| Spirit Tower | 1 | 145 | / | 40 |
| Crypt | 2 | 400 | / | 100 |
| Altar of Darkness | 1 | 180 | / | 50 |
| Ziggurat | 6 | 900 | / | 300 |
| Tomb of Relics | 2 | 260 | / | 60 |
| Graveyard | 1 | 215 | / | 0 |
| Necropolis | 1 | 225 | / | 0 |
| Slaughterhouse | 2 | 280 | / | 270 |
| Halls of the Dead | 1 | 320 | / | 210 |
| Black Citadel | 1 | 325 | / | 230 |
| total: | 15 | 2460g | / | 780w |
| 0:01 | Acolyte |
| 0:05 | Crypt |
| 0:10 | Altar of Darkness |
| 0:23 | Ziggurat |
| 0:32 | Acolyte |
| 0:58 | Tomb of Relics |
| 1:03 | Tomb of Relics |
| 1:07 | Ghoul |
| 1:15 | Ghoul |
| 1:30 | Ziggurat |
| 1:43 | Ghoul |
| 1:55 | Ghoul |
| 2:13 | Rod of Necromancy |
| 2:15 | Sacrificial Skull |
| 2:20 | Carrion Beetles |
| 2:27 | Ghoul |
| 2:37 | Nerubian Tower |
| 2:48 | Nerubian Tower |
| 3:07 | Acolyte |
| 3:20 | Ghoul |
| 3:30 | Acolyte |
| 3:41 | Acolyte |
| 3:58 | Ghoul |
| 4:06 | Spiked Carapace |
| 4:14 | Ghoul |
| 4:24 | Ghoul |
| 4:34 | Ziggurat |
| 5:07 | Acolyte |
| 5:29 | Acolyte |
| 5:29 | Acolyte |
| 5:29 | Acolyte |
| 5:31 | Nerubian Tower |
| 5:41 | Carrion Beetles |
| 5:55 | Boots of Speed |
| 6:06 | Ghoul |
| 6:35 | Halls of the Dead |
| 6:45 | Ghoul |
| 6:55 | Ghoul |
| 7:08 | Graveyard |
| 7:38 | Ziggurat |
| 7:39 | Ziggurat |
| 8:21 | Crypt |
| 8:55 | Crypt Fiend |
| 8:56 | Crypt Fiend |
| 8:57 | Black Citadel |
| 9:01 | Spirit Tower |
| 9:01 | Nerubian Tower |
| 9:14 | Slaughterhouse |
| 9:15 | Slaughterhouse |
| 9:20 | Rod of Necromancy |
| 9:20 | Ritual Dagger |
| 9:23 | Dust of Appearance |
| 9:29 | Creature Attack |
| 9:46 | Burrow |
| 9:55 | Death Coil |
| 10:00 | Web |
| 10:08 | Necropolis |
| 10:20 | Obsidian Statue |
| 10:28 | Obsidian Statue |
| 10:29 | Improved Creature Attack |
| 10:54 | Ziggurat |
| 10:58 | Potion of Lesser Invulnerability |
| 11:01 | Scroll of Healing |
| 11:10 | Unholy Aura |
| 11:25 | Scroll of Town Portal |
| 11:28 | Ghoul Frenzy |
| 11:34 | Destroyer Form |
| 11:51 | Creature Carapace |
| 12:01 | Crypt Fiend |
| 12:39 | Crypt Fiend |
| 12:58 | Spiked Carapace |
| 13:10 | Frost Nova |
| 13:37 | Obsidian Statue |
| 13:39 | Crypt Fiend |
| 14:03 | Ghoul |
| 14:04 | Ghoul |
| 14:14 | Potion of Healing |
| 14:15 | Scroll of Healing |
| 14:30 | Dark Ritual |
| 14:38 | Orb of Corruption |
| 14:51 | Obsidian Statue |
| 15:05 | Obsidian Statue |
| 15:55 | Carrion Beetles |
| Select group | 1332 |
| Right click | 928 |
| Select | 528 |
| Misc. action | 283 |
| Build/train/purchase | 144 |
| Assign group | 99 |
| Use ability | 41 |
| Item give/drop | 2 |
| Esc | 1 |